 Dungeon Crawl Stone Soup version 0.31.0-12-g77e489cdc1 (webtiles) character file.

Game seed: 6415416001277132604

3638 Anriel the Spear-Bearer (level 10, -6/88 HPs)
             Began as a Naga Fighter on Feb 27, 2024.
             Was a Follower of Okawaru.
             Mangled by an orc knight
             ... wielding a +0 halberd
              (18 damage)
             ... in a bailey.
             The game lasted 00:43:46 (6381 turns).

Anriel the Spear-Bearer (Naga Fighter)              Turns: 6381, Time: 00:43:48

Health: -6/88      AC:  9    Str: 23    XL:     10   Next: 12%
Magic:  10/10      EV: 20    Int:  8    God:    Okawaru [*.....]
Gold:   365        SH:  5    Dex: 11    Spells: 9/9 levels left

rFire   . . .        a - +1 trident
rCold   . . .        c - +0 buckler
rNeg    . . .        y - +3 leather armour
rPois   +            f - +0 helmet
rElec   .            (no cloak)
rCorr   .            (no gloves)
SInv    +            (no barding)
Will    +....        (no amulet)
Stlth   +            i - +5 ring of evasion
HPRegen 0.34/turn    r - +5 ring of evasion
MPRegen 0.12/turn

%: no passive effects
@: mighty, very slow
A: AC +3, large, see invisible, deformed body, poison resistance, slowness 2,
spit poison 1, naga tail 1
a: Spit Poison, Renounce Religion, Heroism


You were in a bailey.
You worshipped Okawaru.
Okawaru was aware of your devotion.
You visited 2 branches of the dungeon, and saw 9 of its levels.
You also visited: Bailey.

You collected 365 gold pieces.

Inventory:

Hand Weapons
 a - a +1 trident (weapon)
 n - a +0 halberd
 p - a +2 demon blade of draining
 z - the +7 flail of Overwhelming Force {flame, rPois}
   (You found it on level 7 of the Dungeon)

   rPois:     It protects you from poison
Missiles
 s - a javelin (quivered)
Armour
 c - a +0 buckler (worn)
 f - a +0 helmet (worn)
 h - a +1 ring mail
 y - a +3 leather armour (worn)
Jewellery
 i - a +5 ring of evasion (left hand)
 r - a +5 ring of evasion (right hand)
 E - a +6 ring of dexterity
Wands
 e - a wand of polymorph (6)
 m - a wand of quicksilver (2)
 u - a wand of charming (8)
 v - a wand of flame (10)
 B - a wand of iceblast (11)
Scrolls
 b - 2 scrolls of teleportation
 k - 3 scrolls of enchant weapon
 o - a scroll of blinking
 q - a scroll of poison
 t - 2 scrolls of fear
 w - a scroll of immolation
 x - 3 scrolls of identify
 A - a scroll of amnesia
Potions
 g - a potion of haste
 j - 2 potions of mutation
 l - 2 potions of lignification
 C - a potion of brilliance
 D - 2 potions of curing


   Skills:
 - Level 5.0 Fighting
 * Level 8.0 Polearms
 - Level 5.0 Throwing
 - Level 5.0 Armour
 - Level 5.0 Dodging
 + Level 4.7 Shields
 + Level 2.8 Evocations


You had 9 spell levels left.
You didn't know any spells.
Your spell library contained the following spells:

 Spells                   Type           Power      Damage    Failure   Level
 Magic Dart               Conj           0%         1d3       52%         1
 Sting                    Conj/Alch      0%         1d3       52%         1
 Mercury Vapours          Alch/Air       0%         N/A       65%         2
 Searing Ray              Conj           0%         2d4       65%         2
 Inner Flame              Hex/Fire       0%         N/A       87%         3
 Fulminant Prism          Conj/Alch      0%         3d5       99%         4
 Olgreb's Toxic Radiance  Alch           0%         N/A       99%         4
 Irradiate                Conj/Alch      0%         3d11      100%        5
 Ignition                 Fire           0%         3d3       100%        8
 Summon Small Mammal      Summ           Unusable   N/A       N/A         1
 Call Canine Familiar     Summ           Unusable   N/A       N/A         3
 Summon Blazeheart Golem  Fire/Summ      Unusable   N/A       N/A         4

Dungeon Overview and Level Annotations

Branches:
Dungeon (8/15)             Temple (1/1) D:7          Bailey (1/1)
   Lair: D:8-11

Altars:
Ashenzari
Cheibriados
Dithmenos
Elyvilon
Fedhas
Hepliaklqana
Kikubaaqudgha
Makhleb
Nemelex Xobeh
Okawaru
Qazlal
Ru
Sif Muna
Trog
Uskayaw
Vehumet
Xom
Yredelemnul
Zin
The Shining One


Innate Abilities, Weirdness & Mutations

Your serpentine skin is tough. (AC +3)
You have supernaturally acute eyesight. (SInv)
Armour fits poorly on your strangely shaped body.
Your system is resistant to poisons. (rPois)
You cover ground very slowly.
You can spit poison.
You have a snake-like lower body.


Message History

The orc knight hits you from afar with a +0 halberd!
Reach: a) +1 trident
Press: ? - help, Dir - move target, f/p - orc knight
Aim: an orc knight, wielding a +0 halberd and wearing a +0 scale mail (moderately wounded, strong, about 44% to evade your +1 trident)
You reach to attack!
You hit the orc knight.
The orc knight is moderately wounded.
The orc knight hits you from afar with a +0 halberd!!
Reach: a) +1 trident
Press: ? - help, Dir - move target, f/p - orc knight
Aim: an orc knight, wielding a +0 halberd and wearing a +0 scale mail (moderately wounded, strong, about 44% to evade your +1 trident)
You reach to attack!
You puncture the orc knight!
The orc knight is heavily wounded.
You block the orc knight's attack.
Reach: a) +1 trident
Press: ? - help, Dir - move target, f/p - orc knight
Aim: an orc knight, wielding a +0 halberd and wearing a +0 scale mail (heavily wounded, strong, about 44% to evade your +1 trident)
You reach to attack!
You miss the orc knight.
The orc knight is heavily wounded.
The orc knight misses you.
Reach: a) +1 trident
Press: ? - help, Dir - move target, f/p - orc knight
Aim: an orc knight, wielding a +0 halberd and wearing a +0 scale mail (heavily wounded, strong, about 44% to evade your +1 trident)
You reach to attack!
You closely miss the orc knight.
The orc knight is heavily wounded.
You block the orc knight's attack.
Reach: a) +1 trident
Press: ? - help, Dir - move target, f/p - orc knight
Aim: an orc knight, wielding a +0 halberd and wearing a +0 scale mail (heavily wounded, strong, about 44% to evade your +1 trident)
You reach to attack!
You hit the orc knight but do no damage.
The orc knight is heavily wounded.
The orc knight hits you from afar with a +0 halberd!!
* * * LOW HITPOINT WARNING * * *
Reach: a) +1 trident
Press: ? - help, Dir - move target, f/p - orc knight
Aim: an orc knight, wielding a +0 halberd and wearing a +0 scale mail (heavily wounded, strong, about 44% to evade your +1 trident)
You reach to attack!
You puncture the orc knight!
The orc knight is severely wounded.
The orc knight hits you from afar with a +0 halberd!!
You die...

....≈≈≈≈≈.................≈≈≈≈≈..
...≈≈###≈≈...............≈≈###≈≈.
...≈##.##≈)..............≈##.##≈.
...≈#..)).....................#≈.
...≈##.∩#≈)..............≈#∩)##≈.
...≈≈#.##≈....#######....≈##)#≈≈.
....≈≈.≈≈≈...##....##....≈≈≈)≈≈..
............##.....##............
...........##..#@''##......).)...
...........#..##∩)∩##..##........
..........##.####o####.##........
..........##.+ .). +.##........
..........##.# #._.# #.##........
..........##.+ #:(?# +.##........
..........##.#########.##........
...........#..## ##..#.........
...........##..#+#+#..##.........


You could see an orc knight (strong).

Vanquished Creatures
  Joseph (D:7)
  Prince Ribbit (D:6)
  Sigmund (D:6)
  A wyvern (D:8)
  2 water moccasins
  2 black bears
  A sky beast (D:7)
  3 ice beasts
  6 orc warriors (Bailey)
  An ogre (D:6)
  2 kobold brigands
  3 bullfrogs
  A gnoll sergeant (D:7)
  3 scorpions
  2 howler monkeys
  4 hounds
  2 bombardier beetles
  A jelly (D:6)
  2 orc priests
  2 sleepcaps
  4 iguanas
  6 orc wizards
  4 adders
  6 gnolls
  A shadow imp (D:7)
  A white imp (D:6)
  2 ufetubi (D:5)
  A dart slug (D:1)
  2 ribbon worms
  42 orcs
  6 endoplasms
  3 giant cockroaches
  8 goblins
  6 hobgoblins
  13 kobolds
  7 quokkas
  8 ball pythons
  7 bats
  4 frilled lizards
  2 rats
174 creatures vanquished.

Notes
Turn   | Place    | Note
-------+----------+-------------------------------------------
     0 | D:1      | Anriel the Naga Fighter began the quest for the Orb.
     0 | D:1      | Reached XP level 1. HP: 21/21 MP: 1/1
   103 | D:1      | Reached XP level 2. HP: 23/28 MP: 2/2
   309 | D:1      | Reached XP level 3. HP: 33/34 MP: 3/3
   968 | D:2      | Reached skill level 3 in Polearms
  1109 | D:2      | Reached skill level 1 in Dodging
  1138 | D:2      | Reached XP level 4. HP: 42/44 MP: 4/4
  1595 | D:3      | Noticed a black bear
  1603 | D:3      | Killed a black bear
  1604 | D:3      | Reached skill level 4 in Polearms
  1604 | D:3      | Reached XP level 5. HP: 51/51 MP: 5/5
  1651 | D:3      | Reached XP level 6. HP: 42/58 MP: 6/6
  1985 | D:3      | Reached skill level 5 in Fighting
  2101 | D:4      | Noticed a black bear
  2106 | D:4      | Killed a black bear
  2107 | D:4      | Reached skill level 1 in Throwing
  2168 | D:4      | Reached XP level 7. HP: 63/67 MP: 7/7
  2223 | D:4      | Reached skill level 5 in Polearms
  2440 | D:4      | Found a snail-covered altar of Cheibriados.
  2800 | D:5      | Entered Level 5 of the Dungeon
  3388 | D:5      | You fall into a shaft and drop 1 floor!
  3644 | D:6      | Noticed Prince Ribbit
  3686 | D:6      | HP: 3/100 [water moccasin (3)]
  3697 | D:6      | Killed Prince Ribbit
  3698 | D:6      | Reached XP level 8. HP: 30/74 MP: 8/8
  4474 | D:6      | Noticed Sigmund
  4481 | D:6      | Killed Sigmund
  4757 | D:7      | Reached XP level 9. HP: 81/81 MP: 9/9
  4759 | D:7      | Noticed Joseph
  4778 | D:7      | Reached skill level 5 in Armour
  4778 | D:7      | Reached skill level 5 in Dodging
  4783 | D:7      | Killed Joseph
  4984 | D:7      | Identified the +7 flail of Overwhelming Force {flame,
                  | rPois}
  4997 | D:7      | Reached skill level 6 in Polearms
  5244 | D:7      | Reached skill level 5 in Throwing
  5373 | D:7      | Found a staircase to the Ecumenical Temple.
  5383 | Temple   | Entered the Ecumenical Temple
  5389 | Temple   | Became a worshipper of Warmaster Okawaru
  5667 | D:8      | Reached skill level 1 in Evocations
  5711 | D:8      | Reached skill level 7 in Polearms
  5831 | D:8      | Found a flagged portal.
  5840 | Bailey   | Entered a bailey
  5902 | Bailey   | Reached * piety under Okawaru
  5903 | Bailey   | Reached XP level 10. HP: 55/88 MP: 10/10
  6274 | Bailey   | Reached skill level 8 in Polearms
  6368 | Bailey   | Noticed an orc knight
  6368 | Bailey   | Noticed an orc knight
  6381 | Bailey   | Mangled by an orc knight

Illustrated notes

Levels and vault maps discovered:
D:1:      psy_arrival_whirlpool, layout_basic, serial_bayou_crossing
D:2:      layout_rooms, minivault_14, minmay_crystal_room
D:3:      layout_basic
D:4:      layout_basic, mainiacjoe_overflow_paths
D:5:      layout_basic
D:6:      layout_loops_corners, uniq_prince_ribbit1, uniq_sigmund
D:7:      layout_loops_ring, minmay_temple_entry_mist, fountainhead,
          dk_vineyard_1, uniq_joseph
D:8:      layout_cave_pods, enter_bailey_2
Temple:   nicolae_temple_bog_church
Bailey:   bailey_polearm_2, bailey

Skill      XL: |  1  2  3  4  5  6  7  8  9 10 |
---------------+-------------------------------+-----
Polearms       | 3 4 5 7 8 |  8.0
Dodging        | 1 2 3 4 5 |  5.0
Fighting       | 4 5 |  5.0
Throwing       | 1 2 3 5 |  5.0
Armour         | 3 4 5 |  5.0
Shields        | 4 |  4.7
Evocations     | 2 |  2.8

Action                     |  1- 3 |  4- 6 |  7- 9 | 10-12 || total
---------------------------+-------+-------+-------+-------++-------
  Melee: Trident           |    97 |    82 |   388 |    59 ||   626
  Throw: Javelin           |     2 |    10 |    35 |     5 ||    52
 Invoke: Heroism           |       |       |       |     1 ||     1
Ability: Spit Poison       |    13 |    13 |    49 |     7 ||    82
    Use: Scroll            |     1 |     9 |     9 |       ||    19
         Potion            |       |     1 |     4 |     1 ||     6
 Armour: Scale mail        |    14 |       |       |       ||    14
         Ring mail         |    20 |    27 |    78 |       ||   125
         Skin              |       |    37 |    56 |       ||    93
         Leather armour    |       |       |    48 |    24 ||    72
  Dodge: Dodged            |    43 |    30 |   289 |    56 ||   418
  Block: Buckler           |    20 |    16 |    77 |    15 ||   128
